 Dungeon Sprint DCSS version 0.27.1-33-g824d729ab1 (webtiles) character file.

Game seed: 7669363893730269776

2793 Hipnos the Unseen (level 9, -1/54 HPs)
             Began as a Gargoyle Brigand on Dec 1, 2021.
             Was an Elder of Okawaru.
             Slain by a demonic crawler (3 damage)
             ... in the Dungeon (Sprint I: "Red Sonja").
             The game lasted 00:05:32 (1063 turns).

Hipnos the Unseen (Gargoyle Brigand)                Turns: 1063, Time: 00:05:33

Health: -1/54      AC: 10    Str: 15    XL:     9   Next: 71%
Magic:  9/9        EV: 13    Int: 12    God:    Okawaru [****..]
Gold:   426        SH:  0    Dex: 14    Spells: 8/8 levels left

rFire    . . .     SeeInvis .   l - +2 dagger (venom)
rCold    . . .     Faith    .   (no shield)
rNeg     + . .     Spirit   .   b - +0 robe
rPois    ∞         Reflect  .   (no helmet)
rElec    +         Harm     .   c - +0 cloak
rCorr    .         Rampage  .   n - +0 pair of gloves
Will     .....     NoTele   +   (no boots)
Stlth    +++++++...             (no amulet)
HPRegen  0.18/turn              (no ring)
MPRegen  0.11/turn              (no ring)

@: no status effects
A: sickness immunity, AC +6, negative energy resistance 1, electricity
resistance, torment resistance 1, petrification resistance
a: Renounce Religion, Heroism


You were in the Dungeon.
You worshipped Okawaru.
Okawaru was greatly pleased with you.
You visited 1 branch You collected 865 gold pieces.
You spent 439 gold pieces at shops.

Inventory:

Hand Weapons
 a - a +2 dagger
 l - a +2 dagger of venom (weapon)
 p - a +2 short sword of draining
Missiles
 f - 3 curare-tipped darts (quivered)
Armour
 b - a +0 robe (worn)
 c - a +0 cloak (worn)
 n - a +0 pair of gloves (worn)
Wands
 j - a wand of polymorph (7)
Scrolls
 k - 3 scrolls of blinking
 o - a scroll of vulnerability {unknown}
Potions
 h - 4 potions of curing
 i - 2 potions of magic
 m - a potion of lignification {unknown}


   Skills:
 + Level 5.6 Fighting
 * Level 7.8 Short Blades
 * Level 7.4 Throwing
 + Level 3.9 Dodging
 * Level 19.3 Stealth
 + Level 2.1 Unarmed Combat


You had 8 spell levels left.
You didn't know any spells.
Your spell library was empty.

Dungeon Overview and Level Annotations

Branches:
Dungeon (1/1)

Altars:
Cheibriados
Dithmenos
Elyvilon
Fedhas
Gozag
Hepliaklqana
Kikubaaqudgha
Makhleb
Nemelex Xobeh
Okawaru
Qazlal
Ru
Sif Muna
Trog
Uskayaw
Vehumet
Wu Jian
Xom
Yredelemnul
Zin
The Shining One
Jiyva
Lugonu

Shops:
D *![


Innate Abilities, Weirdness & Mutations

You are immune to sickness and miasma.
Your stone body is resilient. (AC +6)
You are immune to poison.
You resist negative energy. (rN+)
You are resistant to electric shocks. (rElec)
You are resistant to unholy torment.
You are immune to petrification.


Message History

The demonic crawler is moderately wounded.
The demonic crawler closely misses you.
The demonic crawler hits you but does no damage.
The demonic crawler barely misses you.
Throw: dart (poison)
Press: ? - help, Q - select action, (/) - cycle Shift-Dir - straight line, f/p - demonic crawler
Aim: a demonic crawler (moderately wounded, 77% to hit)
You throw a poisoned dart.
The poisoned dart hits the demonic crawler.
The demonic crawler is poisoned.
The demonic crawler is moderately wounded.
Throw: 5 darts (curare)
Press: ? - help, Q - select action, (/) - cycle Shift-Dir - straight line, f/p - demonic crawler
Aim: a demonic crawler (moderately wounded, poisoned, 77% to hit)
You throw a curare-tipped dart.
The curare-tipped dart hits the demonic crawler.
The demonic crawler is moderately wounded.
The demonic crawler hits you.
* * * LOW HITPOINT WARNING * * *
The demonic crawler hits you.
* * * LOW HITPOINT WARNING * * *
The demonic crawler closely misses you.
Throw: 4 darts (curare)
Press: ? - help, Q - select action, (/) - cycle Shift-Dir - straight line, f/p - demonic crawler
Aim: a demonic crawler (lightly wounded, poisoned, 77% to hit)
You throw a curare-tipped dart.
The curare-tipped dart hits the demonic crawler.
The demonic crawler is lightly wounded.
The demonic crawler hits you.
* * * LOW HITPOINT WARNING * * *
The demonic crawler hits you.
* * * LOW HITPOINT WARNING * * *
The demonic crawler misses you.
You feel better. The demonic crawler barely misses you.
The demonic crawler misses you. The demonic crawler hits you!
* * * LOW HITPOINT WARNING * * *
The demonic crawler hits you.
* * * LOW HITPOINT WARNING * * *
The demonic crawler hits you.
You die...

##########################
#<.#.['..#.)'..#__#..'..)#
#..'..#.)'..#..'..'s.#...##+#
#..#####'#####s#__####)..'..#
#..####..#...#s#### #####..+
#..#__####..##@# ##
#..#_____##'#_.+
#⌠⌠#_.∩...'..._#
####_..__##_.#'##+###
#_____###'#(#)).[###
############.####'###.##
#∩........'...'.....'.∩#
###++++####...##########
###.###


You could see 2 demonic crawlers.

Vanquished Creatures
  Sonja (D)
  A deep troll (D)
  2 kobold demonologists (D)
  2 demonic crawlers (D)
  A slime creature (D)
  A yak (D)
  Sigmund (D)
  A floating eye (D)
  An ogre (D)
  A jelly (D)
  Ijyb (D)
13 creatures vanquished.

Vanquished Creatures (others)
  2 ballistomycete spores (D)
2 creatures vanquished.

Grand Total: 15 creatures vanquished

Notes
Turn   | Place    | Note
-------+----------+-------------------------------------------
     0 | D        | Hipnos the Gargoyle Brigand began the quest for the Orb.
     0 | D        | Reached XP level 1. HP: 12/12 MP: 1/1
     1 | D        | Noticed Ijyb
    17 | D        | Killed Ijyb
    18 | D        | Reached skill level 1 in Dodging
    18 | D        | Reached skill level 7 in Stealth
    18 | D        | Reached XP level 2. HP: 10/18 MP: 2/2
    18 | D        | Reached XP level 3. HP: 12/22 MP: 3/3
   198 | D        | Noticed an ogre
   201 | D        | Killed an ogre
   202 | D        | Reached skill level 9 in Stealth
   202 | D        | Reached XP level 4. HP: 27/27 MP: 4/4
   212 | D        | Noticed Sigmund
   225 | D        | Killed Sigmund
   226 | D        | Reached skill level 12 in Stealth
   226 | D        | Reached skill level 1 in Unarmed Combat
   226 | D        | Reached XP level 5. HP: 14/32 MP: 5/5
   226 | D        | Reached XP level 6. HP: 17/37 MP: 6/6
   392 | D        | Found a burning altar of Makhleb.
   392 | D        | Found a viscous altar of Jiyva.
   392 | D        | Found a shimmering altar of Xom.
   392 | D        | Found a corrupted altar of Lugonu.
   392 | D        | Noticed a slime creature
   394 | D        | Found an ornate altar of the Wu Jian Council.
   394 | D        | Found a shimmering blue altar of Sif Muna.
   396 | D        | Found a radiant altar of Vehumet.
   403 | D        | Found Opushro's Distillery.
   403 | D        | Found an ancient bone altar of Kikubaaqudgha.
   403 | D        | Found a hazy altar of Hepliaklqana.
   403 | D        | Found a stormy altar of Qazlal.
   403 | D        | Found a hide-covered altar of Uskayaw.
   403 | D        | Found a blossoming altar of Fedhas.
   403 | D        | Found a bloodstained altar of Trog.
   403 | D        | Found an iron altar of Okawaru.
   403 | D        | Found a basalt altar of Yredelemnul.
   403 | D        | Found a glowing golden altar of the Shining One.
   403 | D        | Found a snail-covered altar of Cheibriados.
   403 | D        | Found a sacrificial altar of Ru.
   403 | D        | Found a glowing silver altar of Zin.
   403 | D        | Found a shadowy altar of Dithmenos.
   403 | D        | Found a white marble altar of Elyvilon.
   403 | D        | Noticed a yak
   404 | D        | Found an opulent altar of Gozag.
   405 | D        | Killed a yak
   406 | D        | Reached skill level 5 in Short Blades
   406 | D        | Reached skill level 13 in Stealth
   406 | D        | Reached XP level 7. HP: 42/42 MP: 7/7
   406 | D        | Found a sparkling altar of Nemelex Xobeh.
   411 | D        | Became a worshipper of Warmaster Okawaru
   463 | D        | Bought a potion of heal wounds for 60 gold pieces
   463 | D        | Bought a potion of heal wounds for 60 gold pieces
   477 | D        | Killed a slime creature
   478 | D        | Reached skill level 5 in Throwing
   478 | D        | Reached skill level 14 in Stealth
   489 | D        | Noticed a kobold demonologist
   490 | D        | Noticed a kobold demonologist
   492 | D        | Reached * piety under Okawaru
   493 | D        | Reached skill level 15 in Stealth
   494 | D        | Killed a kobold demonologist
   494 | D        | Reached ** piety under Okawaru
   495 | D        | Reached skill level 16 in Stealth
   495 | D        | Reached XP level 8. HP: 48/48 MP: 8/8
   495 | D        | Killed a kobold demonologist
   516 | D        | Noticed Sonja
   520 | D        | Killed Sonja
   520 | D        | Reached *** piety under Okawaru
   521 | D        | Reached skill level 5 in Fighting
   521 | D        | Reached skill level 18 in Stealth
   521 | D        | Reached XP level 9. HP: 54/54 MP: 9/9
   533 | D        | Noticed a deep troll
   584 | D        | Killed a deep troll
   584 | D        | Received a gift from Okawaru
   904 | D        | Found Paxzeif's Armour Emporium.
   912 | D        | Bought a +0 pair of gloves for 49 gold pieces
   931 | D        | Found Qadewu Xima's Assorted Antiques.
   939 | D        | Bought a scroll of blinking for 150 gold pieces
   939 | D        | Bought a potion of curing for 60 gold pieces
   939 | D        | Bought a potion of curing for 60 gold pieces
  1004 | D        | Noticed a demonic crawler
  1004 | D        | Noticed a demonic crawler
  1004 | D        | Noticed a demonic crawler
  1004 | D        | Noticed a demonic crawler
  1045 | D        | Killed a demonic crawler
  1046 | D        | Reached skill level 19 in Stealth
  1054 | D        | Killed a demonic crawler
  1054 | D        | Reached **** piety under Okawaru
  1063 | D        | HP: 2/54 [demonic crawler (3)]
  1063 | D        | Slain by a demonic crawler

Illustrated notes

Levels and vault maps discovered:
D:        dungeon_sprint_1 [red_sonja_temple_1, red_sonja_temple_small_1]

Skill      XL: |  1  2  3  4  5  6  7  8  9 |
---------------+----------------------------+-----
Short Blades   | 2 3 4 5 6 7 |  7.8
Throwing       | 2 3 4 5 6 7 |  7.4
Dodging        | 1 2 3 |  3.9
Stealth        | 7 9 12 13 16 18 19 | 19.3
Fighting       | 3 4 5 |  5.6
Unarmed Combat | 1 2 |  2.1

Action                   |  1- 3 |  4- 6 |  7- 9 || total
-------------------------+-------+-------+-------++-------
Melee: Unarmed           |     9 |       |       ||     9
       Dagger            |     5 |     8 |    43 ||    56
       Short sword       |       |       |     6 ||     6
Throw: Dart              |       |       |    23 ||    23
  Use: Potion            |     1 |       |     6 ||     7
 Stab: Sleeping          |     2 |     2 |     5 ||     9
       Invisible         |       |       |     3 ||     3
Armor: Robe              |       |     1 |    32 ||    33
Dodge: Dodged            |     5 |     4 |    60 ||    69
